 Dungeon Crawl Stone Soup version 0.30-a0-1160-g6e42c06551 (webtiles) character file.

Game seed: 16203427082992227725

10475 BubbleThief the Covert (level 11, -10/73 HPs)
             Began as a Kobold Brigand on Apr 25, 2023.
             Was a Believer of Dithmenos.
             Killed from afar by an oklob plant (33 damage)
             ... with a splash of acid
             ... on level 11 of the Dungeon.
             The game lasted 00:19:36 (12264 turns).

BubbleThief the Covert (Kobold Brigand)            Turns: 12264, Time: 00:19:37

Health: -10/73     AC:  3    Str: 10    XL:     11   Next: 93%
Magic:  11/11      EV: 23    Int: 12    God:    Dithmenos [**....]
Gold:   574        SH:  0    Dex: 23    Spells: 10/10 levels left

rFire   + + .        a - +3 dagger
rCold   . . .        (no shield)
rNeg    . . .        O - +0 leather armour "Zaora" {rElec Dex+3}
rPois   .            z - +0 helmet
rElec   +            c - +0 cloak
rCorr   .            E - +0 pair of gloves
SInv    .            r - +0 pair of boots
Will    .....        (no amulet)
Stlth   +++++++++    N - ring of protection from fire
HPRegen 0.32/turn    f - ring of protection from fire
MPRegen 0.12/turn

%: no passive effects
@: corroded, wreathed by umbra
A: small, no large weapons, nightstalker 3
a: Renounce Religion, Shadow Step


You were on level 11 of the Dungeon.
You worshipped Dithmenos.
Dithmenos was pleased with you.
You visited 1 branch of the dungeon, and saw 11 of its levels.

You collected 768 gold pieces.
You spent 194 gold pieces at shops.

Inventory:

Hand Weapons
 a - a +3 dagger (weapon)
Missiles
 d - 21 poisoned darts
 e - a curare-tipped dart (quivered)
 J - a throwing net
Armour
 b - a +0 robe
 c - a +0 cloak (worn)
 r - a +0 pair of boots (worn)
 z - a +0 helmet (worn)
 E - a +0 pair of gloves (worn)
 I - a +1 robe of willpower
 O - the +0 leather armour "Zaora" (worn) {rElec Dex+3}
   (You found it on level 8 of the Dungeon)

   Dex:       It affects your dexterity (+3).
   rElec:     It insulates you from electricity.
Jewellery
 f - a ring of protection from fire (right hand)
 p - a +4 ring of protection
 N - a ring of protection from fire (left hand)
Wands
 H - a wand of paralysis (8)
 M - a wand of flame (7)
Scrolls
 m - 5 scrolls of teleportation
 o - 2 scrolls of amnesia
 q - 2 scrolls of identify
 s - 6 scrolls of enchant armour
 t - a scroll of fog
 u - a scroll of fear
 v - a scroll of brand weapon {unknown}
 x - a scroll of noise {unknown}
 y - 4 scrolls of magic mapping
 G - 2 scrolls of blinking {unknown}
 K - 5 scrolls of poison {unknown}
 L - a scroll of butterflies {unknown}
Potions
 g - a potion of ambrosia
 h - a potion of degeneration {unknown}
 i - 5 potions of heal wounds {unknown}
 j - 3 potions of mutation {unknown}
 k - 4 potions of brilliance
 l - 5 potions of curing
 n - 2 potions of attraction
 A - 4 potions of magic
 B - 2 potions of haste {unknown}
 C - 4 potions of might
 D - 6 potions of lignification
 F - a potion of resistance {unknown}


   Skills:
 + Level 10.7 Fighting
 - Level 10.0 Short Blades
 - Level 2.1 Throwing
 + Level 11.4 Dodging
 + Level 14.3 Stealth


You had 10 spell levels left.
You didn't know any spells.
Your spell library contained the following spells:

 Spells                   Type           Power      Damage    Failure   Level
 Magic Dart               Conj           0%         1d3       41%         1
 Call Imp                 Summ           0%         N/A       56%         2
 Lesser Beckoning         Tloc           0%         N/A       56%         2
 Sublimation of Blood     Necr           0%         N/A       56%         2
 Wereblood                Tmut           0%         N/A       56%         2
 Gell's Gravitas          Tloc           0%         N/A       80%         3
 Mephitic Cloud           Conj/Pois/Air  0%         N/A       80%         3
 Teleport Other           Tloc           0%         N/A       80%         3
 Vhi's Electric Charge    Tloc/Air       0%         N/A       80%         3
 Arcjolt                  Conj/Air       0%         1d10      100%        5
 Summon Hydra             Summ           0%         N/A       100%        7
 Maxwell's Capacitive Co  Air            0%         ∞         100%        8


Dungeon Overview and Level Annotations

Branches:
Dungeon (11/15)            Temple (0/1) D:5            Lair (0/5) D:11
    Orc: D:9-12

Altars:
Cheibriados
Dithmenos
Fedhas
Hepliaklqana
Makhleb
Ru
Uskayaw
Vehumet
Xom
Zin
The Shining One

Shops:
D:1 (   D:8 [   D:10 ?

Annotations:
D:9 2 runed translucent doors, turdburglar's ghost, novice MiBe
D:11 exclusion: oklob plant


Innate Abilities, Weirdness & Mutations

You are small and have problems with some larger weapons.
You are completely attuned to the shadows.


Message History

The oklob plant suddenly stops moving!
Unknown command.
The helpless oklob plant fails to defend itself.
You skewer the oklob plant like a kebab!!!!!
You destroy the oklob plant!
Dithmenos accepts your kill.
There is an open door here.
Really walk into a travel-excluded area?
You catch the helpless oklob plant completely off-guard!
You spit the oklob plant like a pig!!!
The oklob plant is severely damaged.
The oklob plant spits acid at you. The splash of acid hits you!
The acid corrodes you!
You hear a roar!
You hit the oklob plant but do no damage.
The oklob plant is severely damaged.
Unknown command.
You hit the oklob plant but do no damage.
The oklob plant is severely damaged.
You hit the oklob plant.
The oklob plant is almost destroyed.
You hit the oklob plant but do no damage.
The oklob plant is almost destroyed.
The oklob plant spits acid at you. The splash of acid hits you!
An acid dragon comes into view.
You hit the oklob plant but do no damage.
The oklob plant is almost destroyed.
You hit the oklob plant but do no damage.
The oklob plant is almost destroyed.
The oklob plant spits acid at you. The splash of acid hits you!!
Unknown command.
You hit the oklob plant but do no damage.
The oklob plant is almost destroyed.
You hit the oklob plant but do no damage.
The oklob plant is almost destroyed.
The oklob plant spits acid at you. The splash of acid hits you!!
You die...

# ####.##.#####...# #
#....##..#......# #
#...(###.#......# #
#.....##.#.....####
###.......#######...#
.........#...≈...#..#
####..../..#.D.#....#
#......##P.P##...# ..
......#...PPPP@.#..# ....
###..^.#≈..P>P..≈#..###...#
####.#...PPP...#....†...
#...##.P.##........#
#....#...#....#....#######
#..#...≈...#.............#
#...#######............†.#
#... ..................#
... ..................#


You could see an oklob plant and an acid dragon.

Vanquished Creatures
  A centaur warrior (D:9)
  An oklob plant (D:11)
  An ugly thing (D:11)
  A komodo dragon (D:10)
  2 trolls
  3 slime creatures (D:11)
  A vampire (D:11)
  2 wyverns
  3 shadows
  Eustachio (D:4)
  A steam dragon (D:9)
  16 yaks
  Menkaure (D:4)
  An acid dragon (D:8)
  2 water moccasins
  Duvessa (D:6)
  An orc warrior (D:10)
  A black bear (D:5)
  An ice beast (D:8)
  A sky beast (D:6)
  3 ogres
  4 centaurs
  A kobold brigand (D:10)
  2 bullfrogs
  A gnoll sergeant (D:6)
  9 scorpions
  9 wights
  Dowan (D:6)
  9 killer bees
  9 howler monkeys
  A crimson imp (D:7)
  A jelly (D:4)
  A gnoll bouda (D:5)
  4 hounds
  8 orc priests
  A sleepcap (D:7)
  4 orc wizards
  A mummy (D:9)
  10 gnolls
  11 adders
  2 white imps
  An ufetubus (D:4)
  2 worms
  4 dart slugs
  31 orcs
  6 ball pythons
  9 bats
  9 endoplasms
  6 giant cockroaches
  8 goblins
  8 hobgoblins
  5 jackals
  17 kobolds
  4 quokkas
  6 frilled lizards
  6 rats
256 creatures vanquished.

Vanquished Creatures (others)
  17 plants
17 creatures vanquished.

Grand Total: 273 creatures vanquished

Notes
Turn   | Place    | Note
-------+----------+-------------------------------------------
     0 | D:1      | BubbleThief the Kobold Brigand began the quest for the Orb.
     0 | D:1      | Reached XP level 1. HP: 12/12 MP: 1/1
   170 | D:1      | Reached XP level 2. HP: 18/18 MP: 2/2
   316 | D:1      | Found Huej's Weapon Shoppe.
   346 | D:1      | Reached XP level 3. HP: 22/22 MP: 3/3
   460 | D:1      | Found a faded altar of an unknown god.
   904 | D:2      | Reached XP level 4. HP: 28/28 MP: 4/4
   927 | D:2      | Reached skill level 6 in Stealth
  1273 | D:2      | Reached XP level 5. HP: 32/32 MP: 5/5
  2317 | D:3      | Found a hazy altar of Hepliaklqana.
  2318 | D:3      | Found a shimmering altar of Xom.
  2319 | D:3      | Noticed a spectral ugly thing
  2491 | D:4      | Noticed Eustachio
  2555 | D:4      | HP: 1/32 [wight/+5 flail of freezing (2)]
  2678 | D:4      | Killed Eustachio
  2679 | D:4      | Reached XP level 6. HP: 37/38 MP: 6/6
  2712 | D:4      | Reached skill level 7 in Stealth
  2716 | D:4      | Reached skill level 5 in Short Blades
  2716 | D:4      | Reached XP level 7. HP: 29/43 MP: 7/7
  2895 | D:4      | Noticed Menkaure
  2899 | D:4      | Killed Menkaure
  3038 | D:4      | Reached XP level 8. HP: 48/48 MP: 8/8
  3058 | D:4      | Reached skill level 8 in Stealth
  3203 | D:4      | Reached skill level 5 in Fighting
  3203 | D:4      | Reached skill level 5 in Dodging
  3328 | D:4      | Found a glowing silver altar of Zin.
  3333 | D:4      | Found a shadowy altar of Dithmenos.
  3336 | D:4      | Became a worshipper of Dithmenos the Shadowed
  3338 | D:4      | Found a hide-covered altar of Uskayaw.
  3340 | D:4      | Found a blossoming altar of Fedhas.
  3961 | D:5      | Entered Level 5 of the Dungeon
  4271 | D:5      | Reached skill level 9 in Stealth
  4474 | D:5      | Reached XP level 9. HP: 34/55 MP: 9/9
  4750 | D:5      | Found a staircase to the Ecumenical Temple.
  4900 | D:6      | Noticed Duvessa
  4900 | D:6      | Noticed Dowan
  4970 | D:5      | Reached * piety under Dithmenos
  5035 | D:6      | Killed Duvessa
  5039 | D:6      | Killed Dowan
  5224 | D:6      | Reached skill level 10 in Stealth
  5454 | D:6      | Found a glowing golden altar of the Shining One.
  5677 | D:6      | Reached XP level 10. HP: 42/63 MP: 10/10
  6112 | D:6      | Reached skill level 11 in Stealth
  6354 | D:7      | Found a radiant altar of Vehumet.
  6354 | D:7      | Found a burning altar of Makhleb.
  6868 | D:7      | Reached ** piety under Dithmenos
  7673 | D:8      | Identified the +0 leather armour "Zaora" {rElec Dex+3}
  7983 | D:9      | Noticed a centaur warrior
  8255 | D:8      | Reached skill level 10 in Short Blades
  8674 | D:8      | Found Xitumyiq's Armour Emporium.
  8965 | D:9      | Reached skill level 12 in Stealth
  9596 | D:9      | Found a large runed translucent door.
  9691 | D:9      | Reached XP level 11. HP: 69/71 MP: 11/11
  9984 | D:9      | Found a snail-covered altar of Cheibriados.
 10064 | D:9      | Found a sacrificial altar of Ru.
 10105 | D:9      | Reached skill level 10 in Dodging
 10340 | D:9      | Killed a centaur warrior
 10341 | D:9      | Reached skill level 13 in Stealth
 10411 | D:9      | Found a large runed translucent door.
 10547 | D:9      | Noticed turdburglar's ghost (novice MiBe)
 10566 | D:10     | Entered Level 10 of the Dungeon
 10566 | D:10     | Found Odauj's Magic Scroll Boutique.
 10598 | D:10     | Bought a scroll of magic mapping for 97 gold pieces
 10598 | D:10     | Bought a scroll of enchant armour for 97 gold pieces
 10781 | D:10     | Reached skill level 10 in Fighting
 11744 | D:11     | Reached skill level 14 in Stealth
 11843 | D:11     | Noticed an oklob plant
 11843 | D:11     | Noticed a red ugly thing
 11847 | D:11     | Killed a red ugly thing
 12202 | D:11     | Noticed an oklob plant
 12206 | D:11     | Found a staircase to the Lair.
 12211 | D:11     | Killed an oklob plant
 12264 | D:11     | Killed from afar by an oklob plant

Illustrated notes

Levels and vault maps discovered:
D:1:      tarquinn_simple_flora_water_e, layout_basic, serial_shops,
          nicolae_shop_bloodbath_and_beyond, shapermc_ecumenical_altar_venn,
          minmay_misc_feat_roman
D:2:      layout_rooms, minmay_misc_feat_hallway, minmay_misc_feat_chi,
          kennysheep_generic_room_12
D:3:      layout_basic, regret_index_temple_of_mockery, minmay_misc_feat_square,
          minmay_diced_spiral
D:4:      old_forge, layout_basic, minitemple, corexii_hall_statues_t,
          nicolae_underground_beach, uniq_menkaure, uniq_eustachio
D:5:      layout_rooms, minmay_temple_entry_tees
D:6:      layout_basic, kennysheep_little_box, nicolae_tso_carved_into_rock,
          moated_statue, nicolae_lava_and_water, grunt_ministairs_6,
          uniq_duvessa
D:7:      layout_loops_corners, grunt_temple_overflow_lords_of_destruction
D:8:      layout_loops_corners, serial_shops, shop
D:9:      layout_cave_pools, chei_slow_surprise, mainiacjoe_overflow_chevrons,
          ebering_ghost_disaster_area
D:10:     layout_basic, serial_shops, nicolae_stop_n_shop_2
D:11:     layout_basic, dpeg_oklobed_lair,
          nicolae_concentric_dashed_squares_mild

Skill      XL: |  1  2  3  4  5  6  7  8  9 10 11 |
---------------+----------------------------------+-----
Short Blades   | 3 4 5 7 8 10 | 10.0
Dodging        | 2 3 4 6 7 9 11 | 11.4
Fighting       | 3 4 6 7 9 10 | 10.7
Stealth        | 6 7 9 10 12 14 | 14.3
Throwing       | |  2.1

Action                     |  1- 3 |  4- 6 |  7- 9 | 10-12 || total
---------------------------+-------+-------+-------+-------++-------
  Melee: Dagger            |    68 |   157 |   408 |   548 ||  1181
         Punch             |       |       |    10 |    13 ||    23
  Throw: Dart              |       |    11 |    15 |     8 ||    34
         Throwing net      |       |       |       |     3 ||     3
  Evoke: Wand              |       |     2 |    11 |     8 ||    21
    Use: Scroll            |       |       |       |    14 ||    14
   Stab: Sleeping          |    20 |    18 |    22 |    40 ||   100
         Distracted        |       |     2 |     1 |     4 ||     7
         Invisible         |       |       |     7 |     3 ||    10
         Paralysed         |       |       |     1 |     3 ||     4
         Held in net/web   |       |       |       |     3 ||     3
 Armour: Robe              |     2 |    19 |    52 |    14 ||    87
         Leather armour    |       |       |       |    29 ||    29
  Dodge: Dodged            |    26 |   112 |   292 |   316 ||   746

Table legend: (Time is in decaauts)
 A = Elapsed time spent in this place.
 B = Non-inter-level travel time spent in this place.
 C = Inter-level travel time spent in this place.
 D = Time resting spent in this place.
 E = Time spent auto-exploring this place.
 F = Levels seen in this place.
 G = Mean time per level.
                   A        B        C        D        E       F      G
               +--------+--------+--------+--------+--------+-----+--------+
         Total |  11802 |  11518 |    284 |   1137 |   8379 |  11 | 1072.9 |
       Dungeon |  11802 |  11518 |    284 |   1137 |   8379 |  11 | 1072.9 |
               +--------+--------+--------+--------+--------+-----+--------+

Top non-repeatable levels by time:
     D:8: 1784 daAuts
     D:4: 1585 daAuts
     D:9: 1307 daAuts
     D:6: 1274 daAuts
    D:10: 1043 daAuts
     D:5: 969 daAuts
     D:3: 961 daAuts
     D:7: 953 daAuts
     D:1: 697 daAuts
     D:2: 643 daAuts
    D:11: 581 daAuts
